 Dungeon Crawl Stone Soup version 0.21-a0-344-g2144152 (webtiles) character file.

63 tidbits the Scratcher (level 3, -3/14 HPs)
             Began as a Felid Venom Mage on Oct 4, 2017.
             Shot with a stone by a goblin (8 damage)
             ... on level 2 of the Dungeon.
             The game lasted 00:04:38 (635 turns).

tidbits the Scratcher (Felid Venom Mage)             Turns: 635, Time: 00:04:39

Health: -3/14      AC:  1    Str:  3 (4)  XL:     3   Next: 89%
Magic:  0/7        EV: 17    Int: 15 (17) God:
Gold:   34         SH:  0    Dex: 14 (16) Spells: 3/6 levels left
                                        Lives:  0   Deaths: 0

rFire    . . .     SeeInvis +     - Unarmed
rCold    . . .     Gourm    .   (shield unavailable)
rNeg     . . .     Faith    .   (armour unavailable)
rPois    .         Spirit   .   (helmet unavailable)
rElec    .         Reflect  .   (cloak unavailable)
rCorr    .         Harm     .   (gloves unavailable)
MR       .....                  (boots unavailable)
Stlth    +++.......             (no amulet)
HPRegen  0.04/turn              (no ring)
MPRegen  0.10/turn              (no ring)

@: quick
A: no armour, no weapons or thrown items, stealth, claws 1, fangs 3, see
invisible, carnivore 3, speed 1, shaggy fur 1, slow metabolism 1, sharp paws
a: no special abilities


You were on level 2 of the Dungeon.
You were not hungry.

You visited 1 branch of the dungeon, and saw 2 of its levels.

You collected 34 gold pieces.

Inventory:

Missiles
 h - 7 arrows
Scrolls
 f - a scroll of fear {unknown}
Potions
 g - a potion of cancellation
 i - a potion of flight {unknown}
Books
 a - a Young Poisoner's Handbook

   Spells                             Type                      Level
   a - Sting                          Conjuration/Poison           1
   b - Poisonous Vapours              Poison/Air                   2
   c - Mephitic Cloud                 Conjuration/Poison/Air       3
   d - Olgreb's Toxic Radiance        Poison                       4
   e - Venom Bolt                     Conjuration/Poison           5
Comestibles
 b - 3 meat rations
 c - a chunk of flesh


   Skills:
 - Level 2.6 Dodging
 - Level 2.6 Stealth
 + Level 3.6 Unarmed Combat
 - Level 2.0 Spellcasting
 - Level 0.8 Conjurations
 - Level 2.6 Poison Magic


You had 3 spell levels left.
You knew the following spells:

 Your Spells              Type           Power        Failure   Level  Hunger
p - Poisonous Vapours     Pois/Air       #.....       19%         2    ###....
z - Sting                 Conj/Pois      #...         11%         1    #......


Dungeon Overview and Level Annotations

Branches:
Dungeon (2/15)

Altars:


Innate Abilities, Weirdness & Mutations

You cannot wear armour.
You are incapable of wielding weapons or throwing items.
Your paws allow you to move quietly. (Stealth)
You have sharp claws.
You have razor-sharp teeth.
You have supernaturally acute eyesight. (SInv)
You are carnivorous and can eat meat at any time.
You cover ground quickly.
You are covered in fur. (AC +1)
You have a slow metabolism.
Your sharp claws are effective at attacking unaware monsters.


Message History

You flicker for a moment.
You see here a club.
You see here a spear.
You flicker back into view.
You see here a leopard gecko corpse.
There is a stone staircase leading up here.
You climb upwards.
There is a stone staircase leading down here.
There is a stone staircase leading down here.
You climb downwards.
There is a stone staircase leading up here.
A rat comes into view.
A rat is nearby!
Your magical contamination has completely faded away.
The rat bites you.
Found a plate armour.
You scratch the rat but do no damage. The rat bites you.
* * * LOW HITPOINT WARNING * * *
You scratch the rat.
You kill the rat!
Found a stone staircase leading down.
Found a meat ration.
A worm and 2 goblins come into view.
The goblin shouts!
A goblin comes into view.
It is wielding a club. 2 goblins come into view.
A goblin comes into view. It is wielding a dagger.
There is a stone staircase leading down here.
Casting: Poisonous Vapours
Confirm with . or Enter, or press ? or * to list all spells.
Aiming: Poisonous Vapours
Press: ? - help, Dir - move target cursor, f - worm
Aim: a worm Poisonous vapours surround the worm!
Casting: Poisonous Vapours
Confirm with . or Enter, or press ? or * to list all spells.
Aiming: Poisonous Vapours
Press: ? - help, Dir - move target cursor, f/p - worm
Aim: a worm Poisonous vapours surround the worm!
The worm is poisoned.
Casting: Poisonous Vapours
Confirm with . or Enter, or press ? or * to list all spells.
Aiming: Poisonous Vapours
Press: ? - help, Dir - move target cursor, f/p - worm
Aim: a worm (poisoned) Poisonous vapours surround the worm!
The worm is engulfed in poison gas.
The worm looks even sicker.
Casting: Poisonous Vapours
Confirm with . or Enter, or press ? or * to list all spells.
Aiming: Poisonous Vapours
Press: ? - help, Dir - move target cursor, f/p - worm
Aim: a worm (severely wounded, poisoned) Poisonous vapours surround the worm!
You claw the goblin!
You kill the goblin!
You completely miss the goblin. Your bite misses the goblin.
You kill the worm!
The goblin hits you with a dagger.
* * * LOW HITPOINT WARNING * * *
You miss the goblin. The goblin misses you.
You claw the goblin!
You kill the goblin!
Things that are here:
a dagger; a goblin corpse You butcher the goblin corpse.
Things that are here:
a dagger; 3 chunks of flesh Eat one of 4 chunks of flesh? (ye/n/q)
You eat one of the 4 chunks of flesh.
This raw flesh tastes great.
Eat one of 3 chunks of flesh? (ye/n/q)
You eat one of the 3 chunks of flesh.
This raw flesh tastes great.
Eat one of 2 chunks of flesh? (ye/n/q)
You eat one of the 2 chunks of flesh.
This raw flesh tastes great.
Casting: Poisonous Vapours
Confirm with . or Enter, or press ? or * to list all spells.
Aiming: Sting
Press: ? - help, Shift-Dir - straight line, f - goblin
Aim: a goblin (hasn't noticed you)
The sting misses the goblin.
The goblin shouts!
Casting: Sting
Confirm with . or Enter, or press ? or * to list all spells.
Aiming: Sting
Press: ? - help, Shift-Dir - straight line, f/p - goblin
Aim: a goblin The sting hits the goblin.
The goblin is poisoned.
The goblin is heavily wounded.
You kill the goblin!
Casting: Sting
Confirm with . or Enter, or press ? or * to list all spells.
Aiming: Sting
Press: ? - help, Shift-Dir - straight line, f - goblin
Aim: a goblin, wielding a club (hasn't noticed you)
The sting hits the goblin.
The goblin is poisoned.
The goblin is heavily wounded.
The goblin shouts!
The goblin unwields an uncursed club.
The goblin wields a hunting sling.
The goblin shoots a stone.
The stone hits you!
Ouch! That really hurt!
You die...

#.# #.# #.# #.# #.# #.# #.# #.#
#.# #.# ##<## #.# ####### #†#
##.#.#### #.# #.....#
#.#####.###...# #.# #.....####
#......## ##..# #.# #.........
#######.###.#.#####.####.....##..
#..#.##...@...g.)......##..
#.#...........####.....##..
#.#....######## #.....##..
#.####.# #.......>g #.####.#
#.....##.. #.#....# #[....####
#.#.#### ###.### #####)#.######
#.#. #............# ## #.


You could see a goblin.

Vanquished Creatures
  3 gnolls (D:2)
  A worm (D:2)
  2 leopard geckos
  3 bats (D:1)
  5 hobgoblins
  2 jackals (D:1)
  6 kobolds
  4 goblins (D:2)
  4 rats
30 creatures vanquished.

Notes
Turn   | Place    | Note
-------+----------+-------------------------------------------
     0 | D:1      | tidbits the Felid Venom Mage began the quest for the Orb.
     0 | D:1      | Reached XP level 1. HP: 7/7 MP: 4/4
    59 | D:1      | Reached skill level 1 in Unarmed Combat
   128 | D:1      | Reached XP level 2. HP: 11/11 MP: 1/6
   132 | D:1      | Learned a level 2 spell: Poisonous Vapours
   247 | D:1      | Reached skill level 2 in Unarmed Combat
   459 | D:2      | Reached XP level 3. HP: 14/14 MP: 1/7
   527 | D:2      | Reached skill level 3 in Unarmed Combat
   635 | D:2      | Shot with a stone by a goblin

Vault maps used:
D:1:      roderic_lyre, serial_bayou_lagoon_b
D:2:      kennysheep_the_goblin_king, grunt_temple_overflow_opulence,
          kennysheep_slug_shrine, uniq_sigmund

Skill      XL: |  1  2  3 |
---------------+----------+-----
Unarmed Combat | 1 2 3 |  3.6
Dodging        | |  2.6
Stealth        | |  2.6
Spellcasting   | |  2.0
Conjurations   | |  0.8
Poison Magic   | |  2.6

Action                   || total
-------------------------++-------
Melee: Unarmed           ||    33
       Bite              ||     1
 Cast: Sting             ||    12
       Poisonous Vapours ||    18
  Use: Potion            ||     4
 Stab: Invisible         ||     4
  Eat: Chunk             ||     3
Dodge: Dodged            ||    40

Table legend:
 A = Spawn XP
 B = Non-spawn XP
 C = Spawn XP percentage of total XP
 D = Spawn monster count
 E = Non-spawn monster count
 F = Spawn count percentage of total count
 G = Total turns spent on level
                    A         B        C        D         E        F      G
               +---------+---------+-------+---------+---------+-------+---------
         Total |       0 |      91 |   0.0 |       0 |      30 |   0.0 |   635
               +---------+---------+-------+---------+---------+-------+---------
           D:1 |       0 |      28 |   0.0 |       0 |      17 |   0.0 |   440
           D:2 |       0 |      63 |   0.0 |       0 |      13 |   0.0 |   195
               +---------+---------+-------+---------+---------+-------+---------

Table legend:
 A = Turns spent in this place as a percentage of turns spent in the entire game.
 B = Non-inter-level travel turns spent in this place as a percentage of non-inter-level travel turns spent in the entire game.
 C = Inter-level travel turns spent in this place as a percentage of turns spent in this place.
 D = Turns resting spent in this place as a percentage of non-inter-level travel turns spent in this place.
 E = Turns spent auto-exploring this place as a percentage of non-inter-level travel turns spent in this place.
 F = Non-inter-level travel turns spent in this place divided by the number of levels of this place that you've seen.
                   A       B       C       D       E      F
               +-------+-------+-------+-------+-------+----------------------
         Total | 100.0 | 100.0 |   0.0 |   0.0 |   0.0 | 317.5
       Dungeon | 100.0 | 100.0 |   0.0 |   0.0 |   0.0 | 317.5
               +-------+-------+-------+-------+-------+----------------------

Table legend:
 A = Kills in this place as a percentage of kills in entire the game.
 B = Kills by you in this place as a percentage of kills by you in the entire game.
 C = Kills by friends in this place as a percentage of kills by friends in the entire game.
 D = Other kills in this place as a percentage of other kills in the entire game.
 E = Experience gained in this place as a percentage of experience gained in the entire game.
 F = Experience gained in this place divided by the number of levels of this place that you have seen.
                   A       B       C       D       E      F
               +-------+-------+-------+-------+-------+----------------------
         Total | 100.0 | 100.0 |   N/A |   N/A | 100.0 |  45.5
       Dungeon | 100.0 | 100.0 |   N/A |   N/A | 100.0 |  45.5
               +-------+-------+-------+-------+-------+----------------------

Vault maps used:
D:1:      roderic_lyre, serial_bayou_lagoon_b
D:2:      kennysheep_the_goblin_king, grunt_temple_overflow_opulence,
          kennysheep_slug_shrine, uniq_sigmund
